 Dungeon Crawl Stone Soup version 0.30-a0-782-ge64f9170bb (webtiles) character file.

Game seed: 15706951053806571406

2923 theswoord the Cruncher (level 9, 0/61 HPs)
             Began as a Demonspawn Gladiator on Feb 19, 2023.
             Was a Believer of Kikubaaqudgha.
             Shot with an arrow by a centaur (12 damage)
             ... on level 8 of the Dungeon.
             The game lasted 00:09:33 (5561 turns).

theswoord the Cruncher (Demonspawn Gladiator)       Turns: 5561, Time: 00:09:34

Health: 0/61       AC: 10    Str: 19    XL:     9   Next: 50%
Magic:  9/9        EV: 10    Int: 12    God:    Kikubaaqudgha [**....]
Gold:   323        SH:  5    Dex: 15    Spells: 8/8 levels left

rFire   . . .      SeeInvis .    z - +3 quarterstaff (venom)
rCold   . . .      Faith    .    (shield currently unavailable)
rNeg    . . .      Spirit   .    x - +1 scale mail of the Lost Visionaries {Int+3}
rPois   .          Reflect  +    (helmet restricted)
rElec   .          Harm     .    (no cloak)
rCorr   .          Rampage  .    (gloves unavailable)
Will    .....                    q - +2 pair of boots Stlth
                                 i - amulet of reflection
HPRegen 0.30/turn                (no ring)
MPRegen 0.11/turn                (no ring)

@: no status effects
A: horns 2, powered by death 1, weakness stinger 1, demonic touch 3
a: Renounce Religion, Unearth Wretches


You were on level 8 of the Dungeon.
You worshipped Kikubaaqudgha.
Kikubaaqudgha was pleased with you.
You visited 2 branches of the dungeon, and saw 9 of its levels.

You collected 323 gold pieces.

Inventory:

Hand Weapons
 a - a +1 quarterstaff
 z - a +3 quarterstaff of venom (weapon)
Missiles
 d - 3 throwing nets (quivered)
 e - a javelin
Armour
 b - a +0 leather armour
 c - a +1 helmet
 q - a +2 pair of boots (worn)
 x - the +1 scale mail of the Lost Visionaries (worn) {Int+3}
   (You found it on level 5 of the Dungeon)

   Int:       It affects your intelligence (+3).
 y - a +0 cloak
Jewellery
 i - an amulet of reflection (around neck)
 t - a ring of magical power
Scrolls
 f - 2 scrolls of enchant weapon
 h - 2 scrolls of fog
 j - 5 scrolls of teleportation
 r - a scroll of vulnerability
 u - 2 scrolls of enchant armour
 E - a scroll of blinking
Potions
 g - 3 potions of attraction
 k - a potion of magic
 l - 2 potions of flight
 m - a potion of heal wounds
 n - 5 potions of curing
 o - a potion of brilliance {unknown}
 p - a potion of cancellation {unknown}
 s - 2 potions of mutation
 v - 3 potions of ambrosia
 w - a potion of resistance {unknown}
 A - 2 potions of invisibility {unknown}
 B - 2 potions of lignification {unknown}
 D - a potion of haste {unknown}


   Skills:
 - Level 2.0 Fighting
 + Level 11.1 Staves
 - Level 1.7 Throwing
 - Level 2.6 Dodging
 + Level 6.6 Necromancy


You had 8 spell levels left.
You didn't know any spells.
Your spell library contained the following spells:

 Spells                   Type           Power      Damage    Failure   Level
 Necrotise                Necr           64%        1d7       7%          1
 Vampiric Draining        Necr           16%        2d7       21%         3
 Kiss of Death            Conj/Necr      32%        2d7       26%         1
 Cigotuvi's Dreadful Rot  Necr/Pois/Air  10%        N/A       54%         2
 Animate Dead             Necr           16%        N/A       56%         4
 Agony                    Necr           16%        N/A       88%         5
 Call Canine Familiar     Summ           0%         N/A       97%         3
 Portal Projectile        Hex/Tloc       0%         N/A       97%         3
 Leda's Liquefaction      Hex/Erth       0%         N/A       100%        4
 Borgnjor's Vile Clutch   Necr/Erth      4%         N/A       100%        5
 Death Channel            Necr           8%         N/A       100%        6


Dungeon Overview and Level Annotations

Branches:
Dungeon (8/15)             Temple (1/1) D:5
   Lair: D:8-11

Altars:
Ashenzari
Gozag
Kikubaaqudgha
Nemelex Xobeh
Wu Jian
Xom
Yredelemnul

Shops:
D:1 [   D:4 :

Annotations:
D:5 2 transporters


Innate Abilities, Weirdness & Mutations

You have a pair of horns on your head.
You regenerate a little health from kills.
You have a small tail.
Your touch may irresistibly damage your foes and sap their willpower.


Message History

The water moccasin closely misses you.
You hit the water moccasin but do no damage.
The water moccasin looks as sick as possible!
Your headbutt misses the water moccasin.
Your tail-slap misses the water moccasin.
You kill the water moccasin!
Kikubaaqudgha accepts your kill.
The centaur shoots an arrow.
The arrow hits you.
* * * LOW HITPOINT WARNING * * *
An orc comes into view.
It is wielding a +1 short sword of protection.
The centaur shoots an arrow.
You reflect the arrow off an invisible shield around you!
The arrow hits the centaur!
You feel sick. The orc hits you with a +0 hand axe.
* * * LOW HITPOINT WARNING * * *
The centaur shoots an arrow.
You reflect the arrow off an invisible shield around you!
The arrow closely misses the centaur.
An orc comes into view. It is wielding a +0 whip.
You see here a water moccasin corpse.
You sock the orc!
You kill the orc!
Kikubaaqudgha accepts your kill.
You feel sick.
You feel sick.
The centaur shoots an arrow.
The arrow barely misses you.
The orc throws a boomerang.
The boomerang closely misses you.
The centaur shoots an arrow.
The arrow hits you.
* * * LOW HITPOINT WARNING * * *
You feel sick.
The centaur shoots an arrow.
The arrow hits you!
* * * LOW HITPOINT WARNING * * *
The orc throws a silver boomerang.
The silver boomerang misses you.
You feel sick.
You are no longer poisoned.
The orc throws a silver boomerang.
The silver boomerang hits you.
* * * LOW HITPOINT WARNING * * *
The silver sears you!
* * * LOW HITPOINT WARNING * * *
The centaur shoots an arrow.
The arrow hits you!
You die...
Kikubaaqudgha rasps: "You have failed me!
Welcome... death!"

...... ..o..
#... ##
#oo.######...
#..)#........
#...†..c#....
#.........### (
#..............
###..@####..<..
#.>..<......#
#...#####..##
#...# ..(...
.......#
.#######


You could see a centaur and 3 orcs.

Vanquished Creatures
  2 steam dragons (D:7)
  Menkaure (D:4)
  2 water moccasins
  3 black bears
  2 ice beasts
  3 ogres
  A centaur (D:7)
  2 phantoms
  A kobold brigand (D:6)
  3 bullfrogs
  A necrophage (D:6)
  2 scorpions
  5 wights (D:7)
  A jelly (D:6)
  3 orc priests (D:6)
  Crazy Yiuf (D:5)
  6 iguanas
  3 hounds
  Jessica (D:2)
  2 orc wizards (D:6)
  Natasha (twice) (D:3)
  11 adders
  A shadow imp (D:7)
  A white imp (D:6)
  3 worms
  A dart slug (D:2)
  27 orcs
  4 ball pythons
  6 bats
  2 endoplasms
  7 goblins
  7 hobgoblins
  A quokka (D:5)
  3 frilled lizards
  12 kobolds
  8 rats
141 creatures vanquished.

Notes
Turn   | Place    | Note
-------+----------+-------------------------------------------
     0 | D:1      | theswoord the Demonspawn Gladiator began the quest for the
                  | Orb.
     0 | D:1      | Reached XP level 1. HP: 16/16 MP: 1/1
    55 | D:1      | Reached skill level 3 in Staves
   129 | D:1      | Gained mutation: You regenerate a little health from kills.
                  | [demonic ancestry]
   129 | D:1      | Reached XP level 2. HP: 19/22 MP: 2/2
   454 | D:1      | Found Qacol's Armour Emporium.
   623 | D:2      | Noticed Jessica
   633 | D:2      | Killed Jessica
   634 | D:2      | Reached skill level 4 in Staves
   634 | D:2      | Discovered your monstrous ancestry.
   634 | D:2      | Gained mutation: You have a pair of small horns on your
                  | head. [demonic ancestry]
   634 | D:2      | Reached XP level 3. HP: 11/27 MP: 3/3
  1243 | D:2      | Gained mutation: You have a pair of horns on your head.
                  | [demonic ancestry]
  1243 | D:2      | Reached XP level 4. HP: 18/33 MP: 4/4
  1581 | D:3      | Found a faded altar of an unknown god.
  1592 | D:3      | Noticed Natasha
  1599 | D:3      | Killed Natasha
  1605 | D:3      | Reached skill level 5 in Staves
  1720 | D:3      | Found a shimmering altar of Xom.
  1729 | D:3      | Found an ornate altar of the Wu Jian Council.
  1748 | D:3      | Found an opulent altar of Gozag.
  1750 | D:3      | Found a sparkling altar of Nemelex Xobeh.
  1847 | D:3      | Noticed Natasha
  1852 | D:3      | Killed Natasha
  1918 | D:4      | Found Quasch's Book Boutique.
  1929 | D:4      | Gained mutation: Your touch may inflict minor irresistible
                  | damage on your foes. [demonic ancestry]
  1929 | D:4      | Reached XP level 5. HP: 35/38 MP: 5/5
  2191 | D:4      | Noticed Menkaure
  2200 | D:4      | Killed Menkaure
  2201 | D:4      | Reached skill level 6 in Staves
  2201 | D:4      | Gained mutation: Your touch may inflict irresistible damage
                  | on your foes. [demonic ancestry]
  2201 | D:4      | Reached XP level 6. HP: 15/44 MP: 6/6
  2385 | D:4      | Reached skill level 7 in Staves
  2391 | D:4      | Gained mutation: You have a small tail. [demonic ancestry]
  2391 | D:4      | Reached XP level 7. HP: 34/50 MP: 7/7
  2771 | D:5      | Entered Level 5 of the Dungeon
  2864 | D:5      | Found a staircase to the Ecumenical Temple.
  2874 | Temple   | Entered the Ecumenical Temple
  2945 | Temple   | Became a worshipper of Kikubaaqudgha
  3015 | D:5      | Identified the +1 scale mail of the Lost Visionaries
                  | {Int+3}
  3071 | D:5      | Found a transporter.
  3109 | D:5      | Reached skill level 8 in Staves
  3221 | D:5      | Found a runed translucent door.
  3222 | D:5      | Noticed Crazy Yiuf
  3373 | D:5      | Found a transporter.
  3413 | D:5      | Killed Crazy Yiuf
  3940 | D:6      | Reached skill level 9 in Staves
  3940 | D:6      | Reached XP level 8. HP: 56/56 MP: 8/8
  4183 | D:6      | Reached * piety under Kikubaaqudgha
  4183 | D:6      | Received a gift from Kikubaaqudgha
  4248 | D:6      | Reached skill level 1 in Necromancy
  4380 | D:6      | Reached skill level 10 in Staves
  5006 | D:7      | Gained mutation: Your touch may irresistibly damage your
                  | foes and sap their willpower. [demonic ancestry]
  5006 | D:7      | Reached XP level 9. HP: 58/61 MP: 9/9
  5021 | D:7      | Reached skill level 5 in Necromancy
  5044 | D:7      | Reached ** piety under Kikubaaqudgha
  5407 | D:7      | Reached skill level 11 in Staves
  5561 | D:8      | Shot with an arrow by a centaur

Skill      XL: |  1  2  3  4  5  6  7  8  9 |
---------------+----------------------------+-----
Staves         | 3 4 5 6 7 9 10 11 | 11.1
Necromancy     | 4 6 |  6.6
Fighting       | |  2.0
Throwing       | |  1.7
Dodging        | |  2.6

Action                     |  1- 3 |  4- 6 |  7- 9 || total
---------------------------+-------+-------+-------++-------
  Melee: Quarterstaff      |    89 |    91 |   224 ||   404
         Headbutt          |     6 |    14 |    43 ||    63
         Tailslap          |       |       |    36 ||    36
  Throw: Throwing net      |       |       |     2 ||     2
    Use: Scroll            |     3 |     4 |     9 ||    16
         Potion            |       |       |     1 ||     1
   Stab: Sleeping          |       |     1 |     1 ||     2
 Armour: Leather armour    |    15 |    18 |     4 ||    37
         Scale mail        |       |       |    71 ||    71
  Dodge: Dodged            |    48 |    53 |    85 ||   186
  Block: Other             |       |    27 |    39 ||    66
         Reflection        |       |       |     4 ||     4

Levels and vault maps discovered:
D:1:      dpeg_arrival_arbitrary_c, layout_basic, serial_shops, shop
D:2:      layout_loops_ring, uniq_jessica
D:3:      layout_rooms, nicolae_overflow_hallway_of_the_gods,
          dilly_ecumenical_altar_fadedgnrine, uniq_natasha
D:4:      layout_loops_ring, serial_shops, nicolae_diamond_shop,
          kennysheep_decorative_pillar, uniq_menkaure
D:5:      gammafunk_steamed_eel, layout_basic, minmay_temple_entry_slanted,
          uniq_crazy_yiuf_cottage
D:6:      layout_basic, nicolae_half_adder
D:7:      layout_cave_pools, minivault_23, grunt_ministairs_1
D:8:      layout_rooms, serial_shops,
          nicolae_shop_temple_entry_statues_fountains, shop, shop, shop,
          nicolae_square_shop
Temple:   nicolae_temple_figure_eight
